 Dungeon Crawl Stone Soup version 0.28.0-45-g0d030f2227 (webtiles) character file.

Game seed: 4268305391089937418

727 issech the Slasher (level 7, -5/61 HPs)
             Began as a Troll Monk on Apr 20, 2022.
             Was a Believer of Hepliaklqana.
             Slain by a two-headed ogre
             ... wielding a +0 giant spiked club
              (26 damage)
             ... on level 5 of the Dungeon.
             The game lasted 00:13:46 (4956 turns).

issech the Slasher (Troll Monk)                     Turns: 4956, Time: 00:13:46

Health: -5/61      AC:  5    Str: 32    XL:     7   Next: 44%
Magic:  6/6        EV: 11    Int:  6    God:    Hepliaklqana [**....]
Gold:   136        SH:  0    Dex: 14    Spells: 6/6 levels left

rFire   . . .      SeeInvis .   D - +0 giant spiked club
rCold   . . .      Faith    .   (shield currently unavailable)
rNeg    . . .      Spirit   .   b - +0 robe
rPois   .          Reflect  .   (helmet restricted)
rElec   .          Harm     .   x - +0 cloak
rCorr   .          Rampage  .   (gloves unavailable)
Will    .....                   (boots unavailable)
Stlth   ++........              (no amulet)
HPRegen 1.00/turn               l - +6 ring of strength
MPRegen 0.10/turn               G - +6 ring of strength

@: no status effects
A: reduced essence, large, unfitting armour, claws 3, regeneration 1, shaggy fur
1, tough skin 1
a: Renounce Religion, Recall Ancestor, Ancestor Identity


You were on level 5 of the Dungeon.
You worshipped Hepliaklqana.
Hepliaklqana was pleased with you.
You visited 2 branches of the dungeon, and saw 7 of its levels.
You also visited: Sewer.

You collected 136 gold pieces.

Inventory:

Hand Weapons
 a - a +0 falchion
 n - a +0 war axe of electrocution
 s - a +2 short sword of venom
 v - a +0 hand crossbow
 D - a +0 giant spiked club (weapon)
 E - a +0 short sword of protection
 F - a +3 short sword of draining
 H - a +0 quick blade
 I - a +2 short sword of protection
Missiles
 f - 169 stones (quivered)
 i - 54 arrows
 k - 18 poisoned darts
 q - a boomerang
 u - 60 bolts
Armour
 b - a +0 robe (worn)
 x - a +0 cloak (worn)
Jewellery
 l - a +6 ring of strength (left claw)
 G - a +6 ring of strength (right claw)
Wands
 A - a wand of flame (9)
 J - a wand of acid (9)
Scrolls
 c - a scroll of fear {unknown}
 e - a scroll of identify {unknown}
 g - 8 scrolls of teleportation
 m - 2 scrolls of enchant weapon {unknown}
 p - a scroll of noise {unknown}
 r - a scroll of vulnerability {unknown}
 t - a scroll of blinking {unknown}
 w - a scroll of summoning {unknown}
 y - a scroll of torment {unknown}
Potions
 d - 3 potions of heal wounds {unknown}
 h - a potion of might {unknown}
 j - a potion of haste {unknown}
 o - a potion of attraction {unknown}
 z - a potion of curing {unknown}
 B - 3 potions of flight {unknown}
 C - 2 potions of magic {unknown}


   Skills:
 + Level 3.7 Fighting
 + Level 1.9(3.2) Short Blades
 + Level 3.9(4.2) Long Blades
 + Level 3.0 Axes
 + Level 3.6 Dodging
 + Level 1.9 Stealth


You had 6 spell levels left.
You didn't know any spells.
Your spell library contained the following spells:

 Spells                   Type           Power      Damage    Failure   Level
 Pain                     Necr           0%         1d4       45%         1
 Ensorcelled Hibernation  Hex/Ice        0%         N/A       58%         2
 Passwall                 Tmut/Erth      0%         N/A       58%         2
 Swiftness                Air            0%         N/A       83%         3
 Tukima's Dance           Hex            0%         N/A       83%         3
 Anguish                  Hex/Necr       0%         N/A       99%         4
 Agony                    Necr           0%         N/A       100%        5
 Excruciating Wounds      Necr           0%         N/A       100%        5
 Enfeeble                 Hex            0%         N/A       100%        7


Dungeon Overview and Level Annotations

Branches:
Dungeon (6/15)             Temple (1/1) D:4           Sewer (visited)

Altars:
Ashenzari
Cheibriados
Dithmenos
Elyvilon
Fedhas
Gozag
Hepliaklqana
Kikubaaqudgha
Makhleb
Nemelex Xobeh
Okawaru
Qazlal
Ru
Sif Muna
Trog
Uskayaw
Vehumet
Wu Jian
Xom
Yredelemnul
Zin
The Shining One

Annotations:
D:6 Eustachio


Innate Abilities, Weirdness & Mutations

Your life essence is reduced to manifest your ancestor. (-10% HP)
You are too large for most types of armour.
You have claws for hands.
Your natural rate of healing is unusually fast.
You are covered in fur. (AC +1)
You have tough skin. (AC +1)


Message History

The centaur skeleton kicks Sunngifu but does no damage.
The adder bites you.
You closely miss the adder.
The centaur skeleton hits Sunngifu.
The centaur skeleton kicks Sunngifu but does no damage.
Sunngifu hits the centaur skeleton with a +0 quarterstaff!
The centaur skeleton is destroyed!
The adder bites you but does no damage. x2
You closely miss the adder. The adder misses you.
The adder bites you but does no damage.
Sunngifu misses the adder.
You barely miss the adder. The adder bites you.
Sunngifu hits the adder with a +0 quarterstaff!
The adder bites you but does no damage.
You barely miss the adder.
The adder is almost dead.
The adder bites you but does no damage.
Sunngifu barely misses the adder.
The adder bites you but does no damage.
Sunngifu gestures at the adder while chanting.
The stone arrow hits the adder!
The adder dies!
Found a stone staircase leading down.
A two-headed ogre comes into view.
It is wielding a +0 giant spiked club and a +0 giant club.
Found 10 gold pieces.
Found a stone staircase leading up.
The two-headed ogre shouts in stereo!
A jelly comes into view.
You see here a +1 hat.
You bludgeon the two-headed ogre!!
The two-headed ogre is heavily wounded.
The two-headed ogre hits you with a +0 giant spiked club!
The two-headed ogre hits you with a +0 giant club!!
Sunngifu hits the jelly with a +0 quarterstaff!
Sunngifu is burned by acid!
The jelly hits Sunngifu.
Sunngifu is splashed with acid.
The acid corrodes Sunngifu!
The two-headed ogre closely misses you. The two-headed ogre barely misses you.
Sunngifu hits the jelly with a +0 quarterstaff!
The jelly dies!
The two-headed ogre hits you with a +0 giant spiked club!
The two-headed ogre hits you with a +0 giant club!!
You die...

#... #.........# #..#
##.........# ##..
.<.......# #.....
#..$.....# ##....
#.......# #..# #>.....#
#.. #..O...## ##..##
#@R....## #.....
##.......# ##.....
######....###...##......
.........## .........
###.†..## ######...
####....## ###.
..........# ##
...######.######### # (.
#.........## ##


You could see the friendly Sunngifu the battlemage (corroded) and a two-headed
ogre (ally target).

Vanquished Creatures
  3 kobold brigands (Sewer)
  2 orc priests
  Jessica (D:2)
  10 adders
  A river rat (Sewer)
  7 worms
  3 dart slugs
  9 orcs
  14 ball pythons
  14 endoplasms
  8 giant cockroaches
  5 goblins
  5 hobgoblins
  9 jackals
  19 kobolds
  4 quokkas
  2 bats (D:2)
  4 frilled lizards
  6 rats
126 creatures vanquished.

Vanquished Creatures (collateral kills)
  An ogre (D:4)
  A jelly (D:5)
  An orc priest (D:4)
  A centaur skeleton (D:5)
  2 adders
  An orc (D:4)
  2 goblins (D:4)
  A hobgoblin (D:4)
10 creatures vanquished.

Grand Total: 136 creatures vanquished

Notes
Turn   | Place    | Note
-------+----------+-------------------------------------------
     0 | D:1      | issech the Troll Monk began the quest for the Orb.
     0 | D:1      | Reached XP level 1. HP: 22/22 MP: 0/0
   209 | D:1      | Reached XP level 2. HP: 29/29 MP: 1/1
   421 | D:1      | Reached XP level 3. HP: 35/36 MP: 2/2
   961 | D:2      | Noticed Jessica
   966 | D:2      | Killed Jessica
   967 | D:2      | Reached XP level 4. HP: 27/44 MP: 3/3
  1692 | D:3      | Found a faded altar of an unknown god.
  1836 | D:3      | Reached XP level 5. HP: 48/53 MP: 4/4
  2009 | D:3      | Found a glowing drain.
  2018 | Sewer    | Entered a sewer
  2135 | Sewer    | Reached skill level 1 in Axes
  2214 | Sewer    | Reached XP level 6. HP: 61/61 MP: 5/5
  2824 | D:3      | You fall into a shaft and drop 3 floors!
  2824 | D:6      | Noticed Eustachio
  2840 | D:5      | Entered Level 5 of the Dungeon
  3010 | D:3      | Found a burning altar of Makhleb.
  3012 | D:3      | Found an ornate altar of the Wu Jian Council.
  3481 | D:4      | Found a staircase to the Ecumenical Temple.
  3490 | Temple   | Entered the Ecumenical Temple
  3672 | Temple   | Became a worshipper of Hepliaklqana the Forgotten
  3672 | Temple   | Reached * piety under Hepliaklqana
  3672 | Temple   | Reached ** piety under Hepliaklqana
  3673 | Temple   | Remembered your ancestor Sunngifu as a battlemage
  3953 | D:4      | Reached skill level 1 in Short Blades
  3953 | D:4      | Reached XP level 7. HP: 60/60 MP: 6/6
  4950 | D:5      | Noticed a two-headed ogre
  4956 | D:5      | Slain by a two-headed ogre

Illustrated notes

Levels and vault maps discovered:
D:1:      psy_arrival_wood_between_worlds, layout_basic,
          chequers_serial_rivers_small_a
D:2:      layout_loops_ring, uniq_jessica
D:3:      layout_loops_ring, chequers_temple_overflow_statue_of_worship,
          hellmonk_ecumenical_altar_blasted, cheibrodos_sewer_entry_bend
D:4:      layout_layer_cave, minmay_temple_entry_butterflies,
          minmay_goblin_kobold_house
D:5:      layout_layer_cave, nicolae_ossuary_entry_catacombs, uniq_grinder
D:6:      layout_basic, serial_shops, shop, nicolae_take_the_stairs, shop, shop,
          shop, uniq_eustachio
Temple:   mainiacjoe_temple_cubbyholes

Skill      XL: |  1  2  3  4  5  6 |
---------------+-------------------+-----
Long Blades    | 3 |  3.9
Dodging        | 3 |  3.6
Fighting       | 3 |  3.7
Axes           | 2 3 |  3.0
Short Blades   | 1 |  1.9
Stealth        | |  1.9

Action                   |  1- 3 |  4- 6 |  7- 9 || total
-------------------------+-------+-------+-------++-------
Melee: Falchion          |   108 |    44 |       ||   152
       Punch             |     1 |     2 |       ||     3
       War axe           |       |    77 |       ||    77
       Short sword       |       |    70 |       ||    70
       Giant spiked club |       |       |    25 ||    25
Throw: Stone             |     3 |     1 |       ||     4
Invok: Ancestor Life: Ba |       |     1 |       ||     1
  Use: Scroll            |       |     1 |       ||     1
 Stab: Sleeping          |       |     8 |       ||     8
Armor: Robe              |    26 |    65 |    28 ||   119
Dodge: Dodged            |    62 |   103 |    23 ||   188
